Description

From replay Astrea vs Need. Make sure to proxy the stargate

Replay - Astrea v Neeb: Game 2 - [ESL] Moondance

Build Order

Get SALT Encoding   

  12  0:00  Probe  
  13  0:12  Probe  
  14  0:17  Pylon  
  14  0:24  Probe (Chrono Boost)  
  15  0:36  Gateway, Probe (Chrono Boost)  
  16  0:44  Probe (Chrono Boost)  
  16  0:45  Assimilator  
  17  0:51  Probe  
  17  0:53  Assimilator  
  18  1:03  Probe (Chrono Boost)  
  19  1:13  Probe x2 (Chrono Boost)  
  20  1:24  Cybernetics Core  
  21  1:29  Probe  
  22  1:33  Pylon x2  
  26  1:59  Stargate  
  26  2:00  Stalker (Chrono Boost)  
  26  2:05  Warp Gate  
  27  2:11  Shield Battery  
  27  2:22  Stalker (Chrono Boost)  
  30  2:38  Pylon  
  29  2:46  Oracle (Chrono Boost)  
  32  2:55  Nexus  
  32  3:00  Shield Battery  
  33  3:19  Oracle (Chrono Boost)  
  38  3:34  Pylon  
  38  3:47  Shield Battery  
  39  3:53  Stalker  
  40  4:11  Robotics Facility  
  40  4:14  Shield Battery  
  40  4:33  Stalker  
  46  4:59  Observer (Chrono Boost)  
  50  5:07  Phoenix  
  50  5:08  Stalker  
  55  5:19  Immortal (Chrono Boost)  
  62  5:38  Assimilator  
  64  5:50  Immortal (Chrono Boost)  
  69  6:06  Nexus  
  71  6:18  Stalker  
  71  6:25  Assimilator  
  75  6:29  Forge  
  75  6:30  Twilight Council  
  76  6:40  Gateway x2  
  78  7:01  Gateway x2  
  80  7:02  Protoss Ground Weapons Level 1 (Chrono Boost)  
  80  7:03  Observer  
  80  7:08  Charge (Chrono Boost)  
  83  7:24  Observer  
  86  7:30  Nexus  
  86  7:36  Templar Archives  
  89  7:40  Assimilator, Sentry  
  94  7:52  Gateway x2  
  95  7:58  Adept  
  95  7:59  Gateway x2  
  99  8:09  Warp Prism (Chrono Boost)  
  99  8:12  High Templar x4  
  106  8:17  Archon x2  
  110  8:21  Zealot  
  114  8:41  Photon Cannon  
  116  8:45  High Templar x4, Observer  
  116  8:47  Zealot x2  
  127  8:52  Gateway, Archon x2  
  129  8:58  Zealot x3  
  135  9:16  Zealot x2  
Spawning Tool Build Advisor. Get it on Overwolf

Go to:

Details

  • Created by: kerimovich
  • Published on: Sep 02, 2022
  • Modified on: Sep 02, 2022
  • Patch: 4.11.0
  • Difficulty: Medium
Show
View Real Time Build Order
Export as new Build Order

Comments (0)

There are no comments. Be the first!

Create an account to comment!